 Dungeon Crawl Stone Soup version 0.30.0-5-g1a98f26d00 (webtiles) character file.

Game seed: 379966235572178511

1670 workbot the Cleaver (level 8, -17/64 HPs)
             Began as a Minotaur Berserker on May 12, 2023.
             Was a Priest of Trog.
             Demolished by an angel
             ... wielding a +2 whip of holy wrath
              (22 damage)
             ... on level 2 of the Abyss.
             The game lasted 00:13:05 (5822 turns).

workbot the Cleaver (Minotaur Berserker)            Turns: 5822, Time: 00:13:06

Health: -17/64     AC:  6    Str: 25    XL:     8   Next: 70%
Magic:  7/7        EV: 10    Int:  4    God:    Trog [***...]
Gold:   341        SH:  3    Dex:  9    Spells: 7/7 levels left

rFire   + . .        a - +0 hand axe (freeze)
rCold   . . .        l - +1 buckler
rNeg    . . .        i - +0 scale mail
rPois   .            (helmet restricted)
rElec   .            (no cloak)
rCorr   +            (no gloves)
SInv    .            (no boots)
Will    .....        n - amulet of the acrobat
Stlth   x              - ring of protection from fire
HPRegen 0.30/turn    y - ring of resist corrosion
MPRegen 0.10/turn

%: acrobat
@: glowing
A: horns 2, retaliatory headbutt
a: Renounce Religion, Berserk, Trog's Hand


You were on level 2 of the Abyss.
You worshipped Trog.
Trog was most pleased with you.
You visited 1 branch of the dungeon, and saw 6 of its levels.
You visited the Abyss 1 time.

You collected 341 gold pieces.

Inventory:

Hand Weapons
 a - a +0 hand axe of freezing (weapon)
 d - a +0 flail
Armour
 i - a +0 scale mail (worn)
 l - a +1 buckler (worn)
Jewellery
 n - an amulet of the acrobat (around neck)
 x - a ring of protection from fire (left hand)
 y - a ring of resist corrosion (right hand)
 B - a ring of positive energy
Wands
 p - a wand of roots (10)
 r - a wand of light (8)
 s - a wand of flame (8)
Scrolls
 f - a scroll of teleportation
 h - 3 scrolls of enchant weapon
 j - 2 scrolls of identify
 q - 2 scrolls of poison
Potions
 b - 3 potions of heal wounds
 c - a potion of attraction {unknown}
 g - a potion of curing
 m - 2 potions of lignification
 o - 2 potions of mutation {unknown}
 w - a potion of berserk rage {unknown}
 C - a potion of might {unknown}


   Skills:
 - Level 3.6 Fighting
 + Level 13.5 Axes
 - Level 2.4 Armour
 - Level 2.1 Dodging


You had 7 spell levels left.
You didn't know any spells.
Your spell library was empty.

Dungeon Overview and Level Annotations

Branches:
Dungeon (6/15)             Temple (0/1) D:6

Altars:
Cheibriados
Elyvilon
Gozag
Hepliaklqana
Makhleb
Okawaru
Wu Jian
Xom
The Shining One

Shops:
D:1 :

Portals:
Abyss: D:6

Annotations:
D:6 1 transporter


Innate Abilities, Weirdness & Mutations

You have a pair of horns on your head.
You reflexively headbutt those who attack you in melee.


Message History

You hear a shout!
An angel comes into view. It is wielding a +2 whip of holy wrath.
The neqoxec gestures at you.
Something tries to feed on your intellect!
A brown very ugly thing is nearby!
As you read the scroll of fear, it crumbles to dust.
You assume a fearsome visage.
The brown very ugly thing looks frightened!
Found a scroll labelled JOJONIOSAS.
Found a ring mail.
The angel hits you but does no damage.
The angel hits you with a +2 whip of holy wrath.
The neqoxec gestures at you.
Something tries to feed on your intellect!
The neqoxec gestures at you.
Something tries to feed on your intellect!
The angel closely misses you.
The angel hits you with a +2 whip of holy wrath!
The angel attacks as you move away! The angel misses you.
You furiously retaliate!
You headbutt the angel, but do no damage.
You block the angel's attack.
The angel hits you with a +2 whip of holy wrath.
The angel hits you with a +2 whip of holy wrath!
Found a gateway leading deeper into the Abyss.
The angel barely misses you.
The angel hits you with a +2 whip of holy wrath.
The angel completely misses you.
The angel hits you with a +2 whip of holy wrath.
Okay, then.
The angel misses you. The angel hits you but does no damage.
The angel hits you with a +2 whip of holy wrath!
* * * LOW HITPOINT WARNING * * *
The angel barely misses you.
There is a gateway leading deeper into the Abyss here.
The angel completely misses you.
The angel hits you with a +2 whip of holy wrath.
* * * LOW HITPOINT WARNING * * *
The angel hits you with a +2 whip of holy wrath!!
You die...

#.# ## . ..### .
..######...## .#
#.#.........#..#
##.....#.#..##.##
#..#..#.........#
#.#....#....# #
.#.##..A@.#
#.#.......##......#
#...#.......#.#....
#...#....###.## ...
#.#....##....# .
∆.. ###..# ....#
..# #..# ####. #≈#
###. # #.. ..


You could see an angel.

Vanquished Creatures
  Prince Ribbit (D:6)
  Grinder (D:6)
  A steam dragon (D:6)
  4 ogres
  A centaur (D:4)
  A kobold brigand (D:5)
  A scorpion (D:6)
  A jelly (D:6)
  3 hounds
  An iron imp (D:5)
  An orc priest (D:3)
  A sleepcap (D:5)
  6 iguanas
  2 orc wizards
  4 adders
  4 gnolls (D:5)
  2 ufetubi (D:6)
  A dart slug (D:6)
  6 orcs
  10 ball pythons
  6 bats
  9 endoplasms
  6 giant cockroaches
  A hobgoblin (D:1)
  13 jackals
  5 quokkas
  5 frilled lizards
  7 goblins
  3 goblin skeletons (D:5)
  A goblin zombie (D:5)
  A hobgoblin zombie (D:5)
  7 kobolds
  A kobold skeleton (D:5)
  A kobold zombie (D:5)
  2 orc skeletons (D:5)
  An orc zombie (D:5)
  7 rats
128 creatures vanquished.

Notes
Turn   | Place    | Note
-------+----------+-------------------------------------------
     0 | D:1      | workbot the Minotaur Berserker began the quest for the Orb.
     0 | D:1      | Reached XP level 1. HP: 19/19 MP: 0/0
    95 | D:1      | Reached skill level 4 in Axes
   204 | D:1      | Reached XP level 2. HP: 20/26 MP: 1/1
   328 | D:1      | Reached skill level 5 in Axes
   357 | D:1      | Reached XP level 3. HP: 31/31 MP: 2/2
   455 | D:1      | Found Xuvu's Book Boutique.
   848 | D:2      | Reached ** piety under Trog
   938 | D:2      | Found a shimmering altar of Xom.
  1181 | D:2      | Reached skill level 6 in Axes
  1181 | D:2      | Reached XP level 4. HP: 32/39 MP: 3/3
  1500 | D:3      | Found an iron altar of Okawaru.
  1728 | D:3      | Reached skill level 7 in Axes
  1728 | D:3      | Reached XP level 5. HP: 43/45 MP: 4/4
  1949 | D:4      | Noticed a centaur
  1999 | D:4      | Killed a centaur
  2115 | D:4      | Reached skill level 8 in Axes
  2254 | D:4      | Found an opulent altar of Gozag.
  2493 | D:4      | Found an ornate altar of the Wu Jian Council.
  2563 | D:4      | Reached XP level 6. HP: 41/51 MP: 5/5
  2846 | D:4      | Found a burning altar of Makhleb.
  2846 | D:4      | Noticed a blizzard demon
  2850 | D:4      | Noticed a ynoxinul
  2850 | D:4      | Noticed an orange demon
  2972 | D:4      | Found a hazy altar of Hepliaklqana.
  3199 | D:5      | Entered Level 5 of the Dungeon
  3654 | D:5      | HP: 2/51 [ogre/+0 giant spiked club (32)]
  3656 | D:5      | Reached skill level 9 in Axes
  3990 | D:5      | Found a glowing golden altar of the Shining One.
  3998 | D:5      | Reached *** piety under Trog
  3999 | D:5      | Reached XP level 7. HP: 57/57 MP: 6/6
  4248 | D:5      | Reached skill level 10 in Axes
  4943 | D:6      | Found a staircase to the Ecumenical Temple.
  4968 | D:6      | Found a white marble altar of Elyvilon.
  5182 | D:6      | Reached skill level 11 in Axes
  5201 | D:6      | Noticed Grinder
  5215 | D:6      | Paralysed by Grinder for 2 turns
  5221 | D:6      | Paralysed by Grinder for 5 turns
  5227 | D:6      | Killed Grinder
  5228 | D:6      | Reached XP level 8. HP: 42/64 MP: 7/7
  5357 | D:6      | Reached skill level 12 in Axes
  5418 | D:6      | Found a snail-covered altar of Cheibriados.
  5472 | D:6      | Noticed Prince Ribbit
  5493 | D:6      | Killed Prince Ribbit
  5713 | D:6      | Found a transporter.
  5718 | D:6      | Found a transporter.
  5735 | D:6      | Reached skill level 13 in Axes
  5761 | D:6      | Found a one-way gate to the infinite horrors of the Abyss.
  5763 | D:6      | Noticed a brown ugly thing
  5773 | Abyss:2  | Cast into level 2 of the Abyss (orc warrior)
  5781 | Abyss:2  | Found a corrupted altar of Lugonu.
  5789 | Abyss:2  | Noticed a large abomination
  5791 | Abyss:2  | Noticed a brown very ugly thing
  5792 | Abyss:2  | Noticed an angel
  5822 | Abyss:2  | Demolished by an angel

Illustrated notes

Levels and vault maps discovered:
D:1:      shiori_arrival_elements, layout_loops_ring, serial_shops, shop,
          palyth_stone_intersect
D:2:      layout_rooms, basic_altar, hangedman_decor_push, minivault_5
D:3:      layout_rooms, lemuel_round_altar, minmay_goblin_kobold_house
D:4:      nicolae_cairo_tiling_very_big, layout_loops_corners,
          overflow_temple_1_default, worldfamousw_hep_ancestral_shrine,
          lemuel_tele_altar, makhleb_altar_promises_db
D:5:      layout_layer_cave, nicolae_tso_besieged_by_evil, chequers_avenue,
          nicolae_figureground_sparkle
D:6:      layout_loops_ring, lemuel_crystal_altar, kennysheep_slug_shrine,
          minmay_temple_entry_statues_pillars, gammafunk_ghost_abyssal_escape,
          kennysheep_big_empty_room, uniq_prince_ribbit1, uniq_grinder
Abyss:2:  base: Temple, hangedman_abyss_or_decor_clamps,
          hangedman_abyss_or_decor_clamps

Skill      XL: |  1  2  3  4  5  6  7  8 |
---------------+-------------------------+-----
Axes           | 4 5 6 7 8 9 11 13 | 13.5
Fighting       | |  3.6
Armour         | |  2.4
Dodging        | |  2.1

Action                     |  1- 3 |  4- 6 |  7- 9 || total
---------------------------+-------+-------+-------++-------
  Melee: Hand axe          |    96 |   117 |   112 ||   325
         Headbutt          |     9 |    16 |    17 ||    42
         Punch             |     1 |       |       ||     1
 Invoke: Berserk           |     3 |     2 |     3 ||     8
    Use: Scroll            |       |    12 |     2 ||    14
         Potion            |       |     3 |       ||     3
 Armour: Leather armour    |    10 |       |       ||    10
         Animal skin       |     1 |       |       ||     1
         Scale mail        |    29 |    32 |    29 ||    90
  Dodge: Dodged            |    51 |    71 |    56 ||   178
  Block: Buckler           |     2 |     7 |    16 ||    25
